AoeStats
← God's whip Attila

Black Forest

510146126Analyzed
4v4 RM · 2d ago on Sep 29, 2026· 63m 14s· 8 players
Game mode
Random Map
Map size
Large (8 player)
Population
200
Speed
Normal
Resources
Standard
Victory
Conquest
Starting age
Dark Age
Ending age
Imperial Age
RankedLock teamsTeams togetherTeam positionsShared explorationLock speedFull tech treeHidden civsTurbo modeCheats
Victory
Defeat
🇿🇦 Bohemians · South Africa
1049
+12
🇿🇦 Slavs · South Africa
969
+15
🇮🇳 Portuguese · India
950
+16
🇿🇦 Persians · South Africa
946
+16
🇷🇴 Slavs · Romania
971
-15
🇦🇷 Mongols · Argentina
960
-15
🇨🇴 Britons · Colombia
955
-15
🇯🇵 Magyars · Japan
927
-14
Exile
12:18 Feudal Age
15:45 Castle Age
14:57 Double-Bit Axe
14:55 Horse Collar
17:48 Wheelbarrow
24:19 Hand Cart
24:17 Bow Saw
25:09 Fervor
24:46 Loom
24:46 Town Watch
28:27 Fortified Wall
32:06 Imperial Age
30:21 Caravan
31:05 Scale Mail Armor
31:15 Forging
31:36 Wagenburg Tactics
32:34 Chain Mail Armor
32:55 Iron Casting
31:41 Pikeman
32:22 Squires
32:07 Arson
32:45 Town Patrol
34:17 Chemistry
33:38 Ballistics
33:08 Halberdier
34:51 Siege Engineers
35:43 Plate Mail Armor
36:45 Blast Furnace
36:11 Conscription
35:59 Elite Hussite Wagon
37:07 Houfnice
41:27 Guilds
41:52 Onager
51:37 Husbandry
56:45 Two-Man Saw
59:15 Scale Barding Armor
Dobby is FREE
11:33 Feudal Age
13:10 Double-Bit Axe
19:26 Castle Age
21:16 Forging
20:29 Man-at-Arms
26:09 Bow Saw
27:41 Iron Casting
28:16 Stone Mining
29:11 Pikeman
29:52 Squires
30:16 Gold Mining
30:35 Scale Mail Armor
31:14 Fortified Wall
34:49 Imperial Age
34:24 Long Swordsman
35:33 Masonry
35:31 Onager
39:42 Chemistry
38:07 Halberdier
39:20 Druzhina
40:16 Conscription
42:37 Blast Furnace
41:53 Chain Mail Armor
Preacher
11:42 Feudal Age
13:13 Feudal Age
16:47 Castle Age
14:47 Double-Bit Axe
18:54 Wheelbarrow
28:32 Husbandry
28:44 Bloodlines
28:44 Horse Collar
30:52 Hand Cart
30:48 Heavy Plow
31:02 Scale Barding Armor
31:07 Forging
33:38 Imperial Age
32:14 Loom
33:38 Chain Barding Armor
33:53 Iron Casting
34:30 Cavalier
36:16 Crop Rotation
37:08 Caravan
38:01 Town Watch
39:04 Bow Saw
38:50 Gold Mining
38:24 Onager
39:30 Town Patrol
40:22 Plate Barding Armor
40:34 Iron Casting
42:21 Savar
45:38 Blast Furnace
60:08 Conscription
60:27 Hoardings
60:05 Kamandaran
Binghazi III
0:46 Loom
17:48 Feudal Age
23:05 Double-Bit Axe
42:13 Castle Age
41:55 Wheelbarrow
42:26 Fletching
42:38 Padded Archer Armor
42:36 Elite Skirmisher
43:55 Bodkin Arrow
44:16 Leather Archer Armor
49:50 Leather Archer Armor
59:18 Wheelbarrow
58:27 Pikeman
59:00 Arson
60:42 Scale Mail Armor
60:52 Forging
62:58 Thumb Ring
luismjchan
0:28 Loom
11:51 Feudal Age
20:13 Castle Age
19:02 Horse Collar
26:03 Double-Bit Axe
27:25 Fletching
29:38 Bow Saw
31:09 Bodkin Arrow
31:15 Padded Archer Armor
33:11 Yeomen
36:42 Imperial Age
35:40 Leather Archer Armor
35:58 Heavy Plow
36:07 Caravan
37:39 Ballistics
37:29 Masonry
38:04 Wheelbarrow
37:20 Town Watch
38:05 Conscription
38:50 Two-Man Saw
37:53 Bracer
39:20 Chemistry
40:16 Gold Mining
41:01 Hand Cart
45:22 Ring Archer Armor
48:13 Crossbowman
48:24 Elite Longbowman
49:38 Devotion
50:09 Arbalester
50:53 Elite Skirmisher
52:39 Sanctity
52:35 Block Printing
54:02 Fervor
57:29 Illumination
58:19 Faith
59:48 Architecture
58:40 Onager
not.matiasz
2:34 Loom
11:27 Feudal Age
15:39 Castle Age
15:03 Fletching
15:23 Padded Archer Armor
17:16 Bodkin Arrow
25:30 Double-Bit Axe
31:36 Imperial Age
31:26 Thumb Ring
31:47 Leather Archer Armor
31:56 Ballistics
31:54 Bow Saw
32:23 Bracer
33:47 Heavy Cavalry Archer
35:58 Chemistry
36:46 Parthian Tactics
37:44 Wheelbarrow
37:07 Town Watch
38:11 Bloodlines
38:02 Husbandry
39:46 Hand Cart
41:58 Masonry
53:53 Conscription
55:59 Scale Barding Armor
56:05 Forging
58:08 Chain Barding Armor
58:23 Iron Casting
57:43 Pikeman
58:25 Squires
58:10 Arson
59:24 Light Cavalry
61:08 Blast Furnace
60:22 Hussar
God's whip Attila
1:20 Loom
13:10 Feudal Age
14:09 Double-Bit Axe
26:35 Castle Age
24:29 Stone Mining
24:30 Gold Mining
24:29 Horse Collar
26:33 Bloodlines
28:08 Bow Saw
31:21 Gold Shaft Mining
31:29 Heavy Plow
33:27 Wheelbarrow
39:51 Imperial Age
38:53 Town Watch
39:39 Ballistics
41:46 Two-Man Saw
41:03 Scale Barding Armor
42:04 Chemistry
41:16 Husbandry
41:34 Light Cavalry
42:41 Padded Archer Armor
42:28 Treadmill Crane
43:47 Fletching
47:18 Parthian Tactics
52:02 Murder Holes
51:30 Hussar
52:17 Scale Mail Armor
BagOfRanch
4:19 Loom
11:02 Feudal Age
16:51 Castle Age
14:55 Double-Bit Axe
15:03 Horse Collar
17:28 Wheelbarrow
18:34 Heavy Plow
18:48 Bow Saw
20:40 Gold Mining
28:16 Imperial Age
25:24 Pikeman
26:04 Squires
27:20 Forging
27:11 Scale Mail Armor
27:51 Hand Cart
28:52 Onager
30:24 Iron Casting
30:05 Chain Mail Armor
30:27 Halberdier
32:53 Gold Shaft Mining
33:38 Capped Ram
35:47 Two-Man Saw
35:21 Conscription
36:07 Siege Ram
39:01 Blast Furnace
38:32 Plate Mail Armor
39:16 Caravan
44:13 Siege Onager
Connection lost

Rejoining the realm…

Still unreachable

The connection could not be restored.

Session expired

The server has moved on; the page needs a fresh start.